 Dungeon Crawl Stone Soup version 0.29.1-15-g9cfb28693d (webtiles) character file.

Game seed: 17106756719954575939

990 Eitelfritz the Cleaver (level 8, -2/58 (69) HPs)
             Began as a Hill Orc Fighter on Apr 23, 2023.
             Slain by a wight
             ... wielding a +5 halberd
              (4 damage)
             ... in an ossuary.
             The game lasted 00:07:56 (5380 turns).

Eitelfritz the Cleaver (Hill Orc Fighter)           Turns: 5380, Time: 00:07:56

HP:   -2/58 (69)    AC:  8    Str: 21    XL:     8   Next: 18%
MP:   8/8           EV: 13    Int:  8    God:
Gold: 289           SH:  4    Dex: 10    Spells: 7/7 levels left

rFire   . . .      SeeInvis .   a - +0 war axe
rCold   . . .      Faith    .   c - +0 buckler
rNeg    . . .      Spirit   .   b - +0 scale mail
rPois   +          Reflect  .   (no helmet)
rElec   .          Harm     .   (no cloak)
rCorr   .          Rampage  .   (no gloves)
Will    .....                   s - +0 pair of boots
Stlth   ..........              (no amulet)
HPRegen 0.19/turn               m - +4 ring of evasion
MPRegen 0.11/turn               f - ring of poison resistance

@: heavily drained
A: no striking features
a: no special abilities


You were in an ossuary.
You visited 1 branch of the dungeon, and saw 5 of its levels.
You also visited: Ossuary.

You collected 289 gold pieces.

Inventory:

Hand Weapons
 a - a +0 war axe (weapon)
 t - a +0 war axe
 x - a +0 flail
Missiles
 w - 2 poisoned darts (quivered)
Armour
 b - a +0 scale mail (worn)
 c - a +0 buckler (worn)
 s - a +0 pair of boots (worn)
Jewellery
 f - a ring of poison resistance (right hand)
 m - a +4 ring of evasion (left hand)
Wands
 r - a wand of charming (14)
 y - a wand of roots (8)
Scrolls
 g - a scroll of enchant armour {unknown}
 l - 2 scrolls of torment
 o - 2 scrolls of identify
 p - a scroll of teleportation
 v - a scroll of fog {unknown}
 z - a scroll of amnesia {unknown}
Potions
 d - a potion of might
 e - 4 potions of curing {unknown}
 h - 2 potions of lignification {unknown}
 i - 4 potions of brilliance
 j - 5 potions of attraction
 k - a potion of berserk rage {unknown}
 n - 2 potions of heal wounds {unknown}
 q - a potion of degeneration {unknown}
 u - a potion of haste {unknown}


   Skills:
 + Level 5.4 Fighting
 + Level 8.8 Axes
 + Level 5.9 Armour
 + Level 1.4 Dodging
 + Level 0.2 Stealth
 + Level 4.2 Shields


You had 7 spell levels left.
You didn't know any spells.
Your spell library contained the following spells:

 Spells                   Type           Power      Damage    Failure   Level
 Ensorcelled Hibernation  Hex/Ice        0%         N/A       91%         2
 Call Canine Familiar     Summ           0%         N/A       99%         3
 Dazzling Flash           Conj/Hex       0%         N/A       99%         3
 Portal Projectile        Hex/Tloc       0%         N/A       99%         3
 Spider Form              Tmut/Pois      0%         N/A       99%         3
 Anguish                  Hex/Necr       0%         N/A       100%        4
 Iskenderun's Mystic Bla  Conj/Tloc      0%         2d3       100%        4
 Leda's Liquefaction      Hex/Erth       0%         N/A       100%        4
 Starburst                Conj/Fire      0%         6d3       100%        6


Dungeon Overview and Level Annotations

Branches:
Dungeon (5/15)            Ossuary (1/1)
 Temple: D:4-7

Altars:
Fedhas
Makhleb
Trog
Wu Jian
Zin

Shops:
D:2 =


Message History

You closely miss the wight.
The wight is almost destroyed.
The wight hits you with a +5 short sword!
You feel drained.
You hit the wight but do no damage.
The wight is almost destroyed.
The wight closely misses you.
You closely miss the wight.
The wight is almost destroyed.
The wight hits you but does no damage. You block the wight's attack.
You barely miss the wight.
The wight is almost destroyed.
The wight hits you with a +5 short sword.
You slash the wight!
You destroy the wight!
There is an open door here.
Things that are here:
a +5 short sword; a +0 robe The flying skull gives a hideous shriek!
The flying skull gives a hideous shriek!
You open the door.
A wight comes into view. It is wielding a +5 halberd.
The wight hits you from afar with a +5 halberd!
The wight misses you.
There is an open door here.
You closely miss the wight. The wight closely misses you.
You barely miss the wight. The wight hits you with a +5 halberd.
You feel drained.
You barely miss the wight. The wight misses you.
You hit the wight but do no damage. The wight hits you with a +5 halberd.
The wight hits you with a +5 halberd!
You closely miss the wight. The wight hits you with a +5 halberd!
You feel drained.
* * * LOW HITPOINT WARNING * * *
You slash the wight!
The wight is severely damaged.
The wight hits you with a +5 halberd!
* * * LOW HITPOINT WARNING * * *
You feel drained.
You die...

#.............#
#.###.....###.#
#.#z#.....#z#.#
#.###..?..###.#
#.............#
#.............#
#.###.###.###.#
#.#.#.# #.#z#.#
#.'##.###.##@.#
#.............#
#######'#######
#.# ###.###
#W▓.▓z# ###.###
#.# #'#


You could see a wight.

Vanquished Creatures
  Grinder (D:4)
  2 wraiths (Ossuary)
  Eustachio (D:5)
  A black bear (D:4)
  A wight (Ossuary)
  An orc priest (D:4)
  An iguana (D:4)
  3 gnolls (D:4)
  3 adders
  2 adder zombies (Ossuary)
  A worm (D:2)
  11 orcs
  6 ball pythons
  5 endoplasms
  7 giant cockroaches
  4 goblins
  13 hobgoblins
  3 jackals (D:2)
  5 quokkas
  2 ball python skeletons (Ossuary)
  4 bats
  4 frilled lizards
  2 hobgoblin zombies (Ossuary)
  12 kobolds
  An orc skeleton (Ossuary)
  2 orc zombies (Ossuary)
  A quokka zombie (D:5)
  4 rats
  A rat zombie (D:5)
104 creatures vanquished.

Notes
Turn   | Place    | Note
-------+----------+-------------------------------------------
     0 | D:1      | Eitelfritz the Hill Orc Fighter began the quest for the
                  | Orb.
     0 | D:1      | Reached XP level 1. HP: 19/19 MP: 1/1
   309 | D:1      | Reached XP level 2. HP: 27/27 MP: 2/2
   510 | D:1      | Reached skill level 3 in Axes
   607 | D:1      | Reached XP level 3. HP: 29/33 MP: 3/3
   955 | D:2      | Found a blossoming altar of Fedhas.
  1114 | D:2      | Found Xiesch's Jewellery Emporium.
  1397 | D:2      | Reached XP level 4. HP: 37/40 MP: 4/4
  2129 | D:3      | Reached skill level 4 in Axes
  2318 | D:3      | Found a burning altar of Makhleb.
  2322 | D:3      | Noticed a blizzard demon
  2324 | D:3      | Found a glowing silver altar of Zin.
  2325 | D:3      | Noticed an angel
  2717 | D:4      | Reached XP level 5. HP: 20/46 MP: 5/5
  3098 | D:4      | Reached skill level 5 in Axes
  3219 | D:4      | Found a bloodstained altar of Trog.
  3359 | D:4      | Noticed Grinder
  3360 | D:4      | Paralysed by Grinder for 3 turns
  3366 | D:4      | Killed Grinder
  3367 | D:4      | Reached skill level 6 in Axes
  3367 | D:4      | Reached XP level 6. HP: 32/53 MP: 6/6
  3611 | D:4      | Noticed a black bear
  3621 | D:4      | Killed a black bear
  3622 | D:4      | Reached skill level 1 in Dodging
  3622 | D:4      | Reached XP level 7. HP: 41/60 MP: 7/7
  3763 | D:4      | Reached skill level 7 in Axes
  4451 | D:5      | Entered Level 5 of the Dungeon
  4468 | D:5      | Noticed Eustachio
  4478 | D:5      | Killed Eustachio
  4479 | D:5      | Reached skill level 5 in Fighting
  4479 | D:5      | Reached skill level 5 in Armour
  4613 | D:5      | Found an ornate altar of the Wu Jian Council.
  4723 | D:5      | Found a sand-covered staircase.
  4740 | Ossuary  | Entered an ossuary
  4848 | Ossuary  | Noticed a wraith
  4848 | Ossuary  | Noticed a flying skull
  4859 | Ossuary  | Noticed a flying skull
  4887 | Ossuary  | Noticed a wraith
  4903 | Ossuary  | Killed a wraith
  4904 | Ossuary  | Reached skill level 8 in Axes
  5092 | Ossuary  | Noticed a flying skull
  5100 | Ossuary  | Noticed a wraith
  5116 | Ossuary  | Killed a wraith
  5117 | Ossuary  | Reached XP level 8. HP: 59/69 MP: 8/8
  5173 | Ossuary  | Noticed a flying skull
  5380 | Ossuary  | HP: 2/60 [wight/+5 halberd (11)]
  5380 | Ossuary  | Slain by a wight

Illustrated notes

Levels and vault maps discovered:
D:1:      dpeg_arrival_leaves_temple_mockup, layout_rooms,
          minmay_worlds_worst_comb
D:2:      minmay_evil_eye, layout_loops_corners, serial_shops, shop,
          basic_altar, solitary_fountain, feat_on_display
D:3:      layout_rooms, grunt_temple_overflow_order_and_chaos_2
D:4:      layout_gridville, bloody_trog, minmay_quantized, uniq_grinder
D:5:      layout_gridville, nicolae_elyvilon_peaceful_grove,
          nicolae_wu_jian_immortal_techniques, enter_ossuary_4,
          dk_noncrumbling_3, hex_large, uniq_eustachio
Ossuary:  ossuary_due_cavern

Skill      XL: |  1  2  3  4  5  6  7 |
---------------+----------------------+-----
Fighting       | 4 5 |  5.4
Axes           | 3 4 6 8 |  8.8
Armour         | 4 5 |  5.9
Shields        | 4 |  4.2
Dodging        | 1 |  1.4
Stealth        | |  0.2

Action                   |  1- 3 |  4- 6 |  7- 9 || total
-------------------------+-------+-------+-------++-------
Melee: War axe           |   140 |   118 |   109 ||   367
  Use: Potion            |       |     2 |       ||     2
       Scroll            |       |       |    10 ||    10
Armor: Scale mail        |    79 |    36 |    24 ||   139
Dodge: Dodged            |    93 |    97 |    58 ||   248
Block: Buckler           |    37 |    29 |    23 ||    89
